[Event "Mitropa Cup Women 2022"]
[Site "Corte"]
[Date "2022.05.04"]
[Round "5.1"]
[White "Zimina, Olga"]
[Black "Cvitan, Ena"]
[Result "1-0"]
[ECO "D02"]
[WhiteElo "2345"]
[BlackElo "2238"]
[Annotator "TA"]
[PlyCount "99"]
[EventDate "2022.04.30"]
[EventType "team-tourn"]
[EventCountry "FRA"]
[SourceTitle "playchess.com"]
[Source "ChessBase"]
[SourceQuality "1"]
[TimeControl "40/5400+30:1800+30"]

1. d4 d5 2. Nf3 e6 3. g3 b5 {[%emt 0:00:53][%cal Bb7b5,Bb5b4][%mdl 32] [#]} 4. e3 $146 ({Predecessor:} 4. Bg2 Bb7 5. O-O Nf6 6. a4 b4 7. c4 bxc3 8. Nxc3 Na6 9. a5 Be7 10. Bg5 O-O 11. Bxf6 gxf6 12. Ne1 Rb8 13. Nd3 c5 {½-½ (31) Fridman,D (2627)-Bartel,M (2636) Germany 2021}) 4... a6 5. a4 b4 6. Bg2 {[%emt 0:01:11] D02: 1 d4 d5 2 Nf3 sidelines, including 2...Nf6 3 g3 and 2...Nf6 3 Bf4.} a5 7. O-O Nf6 8. Ne5 {[%emt 0:02:45] White is slightly better.} Be7 9. c4 bxc3 10. Nxc3 Ba6 11. Re1 O-O 12. e4 c6 13. h4 Nfd7 14. Ng4 dxe4 ({Better is} 14... Ra7 $11) 15. Nxe4 $14 Bc4 $1 ({Not} 15... f5 16. Ng5 Bxg5 17. Bxg5 $16) 16. Qc2 (16. Ng5 $5 Bd5 17. Qd3 Bxg5 18. Bxg5 $14) 16... Bd5 17. Ng5 Bxg5 18. Bxg5 Qb6 19. Be4 {[%emt 0:02:36] A strong pair of Bishops.} f5 20. Bxd5 cxd5 21. Ne5 Nxe5 22. Rxe5 Re8 23. Rae1 Nd7 24. R5e3 Nf8 25. Bf4 (25. Rd3 $14) 25... Qxd4 $11 26. Be5 Qb4 27. Bc3 {[%emt 0:08:14] [#]} (27. Qc7 $11 Re7 28. Qc6) 27... Qg4 $1 $17 {[%emt 0:05:38] Strongly threatening ...d4.} 28. Qd2 {[%emt 0:00:24] Prevents d4.} (28. Rd3 $142) 28... Qxa4 29. Rd3 Qb5 30. Rf3 d4 ({Black should play} 30... Rac8 $17 31. Rd3 h6) 31. Qxd4 $11 e5 (31... Re7 $11) 32. Rxe5 $14 Qxe5 33. Qxe5 Rxe5 34. Bxe5 {[%emt 0:00:07][%mdl 4096] Endgame KRB-KRN} a4 35. Bd6 Rd8 (35... g6 $11) 36. Ba3 $1 {[%emt 0:00:33] White is more active.} g6 37. Rf4 {[%emt 0:00:53] Prevents Rd4.} Ra8 $1 38. Rb4 Ne6 39. Rb7 Nd4 40. Bb4 Nc2 (40... f4 $11 {keeps the balance.}) 41. Bc3 $16 a3 {[%emt 0:30:16] And now ...a2 would win.} 42. Rg7+ Kf8 {[%emt 0:00:06] aiming for ...a2.} 43. Rxh7 Ra6 44. bxa3 Nxa3 {[%emt 0:00:00] [#]} (44... Kg8 $16 {is a better defense.} 45. Rg7+ Kf8) 45. h5 $1 $18 {[%emt 0:00:00] Threatens to win with h6.} Nb5 46. Be5 {[%emt 0:00:00] Hoping for h6.} Re6 47. f4 {[%emt 0:00:00] h6 is the strong threat.} Nd6 $2 (47... gxh5 48. Rxh5 Na3 49. Rxf5+ Ke7) 48. h6 {[%emt 0:00:00] White is clearly winning.} g5 49. Rd7 Rxh6 50. Rxd6 {[%emt 0:00:00] Weighted Error Value: White=0.14 (very precise) /Black=0.21 (precise)} 1-0

[Event "Mitropa Cup Women 2022"]
[Site "Corte"]
[Date "2022.05.04"]
[Round "5.1"]
[White "Gaal, Zsoka"]
[Black "Schulze, Lara"]
[Result "1-0"]
[ECO "A07"]
[WhiteElo "2319"]
[BlackElo "2309"]
[Annotator "TA"]
[PlyCount "101"]
[EventDate "2022.04.30"]
[EventType "team-tourn"]
[EventCountry "FRA"]
[SourceTitle "playchess.com"]
[Source "ChessBase"]
[SourceQuality "1"]
[WhiteTeam "Hungary"]
[BlackTeam "Germany"]
[WhiteTeamCountry "HUN"]
[BlackTeamCountry "GER"]
[TimeControl "40/5400+30:1800+30"]

1. Nf3 d5 2. g3 Nf6 3. Bg2 c6 4. O-O Bg4 5. h3 Bh5 6. c4 {[%emt 0:01:08] A07: Réti Opening: New York and Capablanca Systems.} e6 7. Qb3 Qb6 8. d3 {[%emt 0:01:02] The position is equal.} Nbd7 9. cxd5 Qxb3 10. axb3 Nxd5 {[%emt 0:11:32] [#]} 11. g4 $146 ({Predecessor:} 11. d4 Be7 12. Na3 f5 13. Nc4 Bxf3 14. Bxf3 N7f6 15. Bd2 a6 16. h4 O-O 17. Kg2 {½-½ (46) Voll,A (2558)-Grigoryev,V (2480) ICCF email 2018}) 11... Bg6 12. Nc3 Nb4 13. Bf4 f6 14. d4 Bc2 15. Nd2 e5 16. dxe5 fxe5 17. Be3 Bc5 (17... a6 $1 $11) 18. Ra4 $36 {[%emt 0:10:50][%mdl 2048] White has some pressure.} a5 {[%emt 0:06:31] [#]} 19. Rfa1 $1 {[%emt 0:03:06] Bxc5 is the strong threat.} Bxe3 20. fxe3 O-O-O 21. Rxa5 Nb6 22. Nc4 (22. Nde4 {keeps more tension.} Kb8 23. Nc5 Rhe8 24. N3a4) 22... Nxc4 23. bxc4 Rhe8 24. Ne4 Kc7 25. Nc5 Rd1+ 26. Rxd1 Bxd1 27. Nd3 Nc2 28. Rxe5 ({Much worse is} 28. Nxe5 Kb6 29. b4 Nxb4 $17) 28... Rxe5 29. Nxe5 {[%emt 0:00:01] Hoping for Kf2.} Nxe3 $11 {[%emt 0:00:28][%mdl 4096] Endgame KBN-KBN} (29... Kd6 $5 30. Nd3 (30. Nf7+ Ke7 $11) 30... Bxe2 31. c5+ Ke7 $11) 30. Bf3 Bb3 31. c5 Nd1 $1 32. Nd3 Bc4 33. b4 Nc3 (33... Kd8 $14) 34. Kf2 $16 Na2 (34... h6 $142) 35. Be4 g6 $2 {[%emt 0:00:29] [#] Loses the game.} (35... h6 $16) 36. Ke3 $1 $18 Bxd3 $2 (36... Kd8 {might work better.} 37. Kf4 Ke7) 37. exd3 ({Less strong is} 37. Kxd3 Nxb4+ 38. Kd4 Na6 $16) 37... Nxb4 {[%emt 0:00:16] KB-KN} 38. Kf4 Kd7 (38... Na6 $142) 39. Kg5 {[%emt 0:00:28] Strongly threatening Kh6.} Na6 40. d4 Nc7 41. Kh6 Ne6 42. h4 Ke7 43. g5 Nxd4 44. Kxh7 Ne6 45. Bxg6 {[%emt 0:02:12] Threatening mate with Bf5.} Nxc5 46. Bf5 {[%emt 0:00:25] White mates.} Na6 47. g6 Nc7 48. g7 Nd5 49. Kg6 Nf4+ 50. Kh6 Kf7 51. Kh7 {[%emt 0:00:24] Weighted Error Value: White=0.06 (flawless) /Black=0.40} 1-0

[Event "Mitropa Cup Women 2022"]
[Site "Corte"]
[Date "2022.05.04"]
[Round "5.2"]
[White "Schoene, Maria"]
[Black "Terbe, Zsuzsanna"]
[Result "0-1"]
[ECO "C84"]
[WhiteElo "2218"]
[BlackElo "2194"]
[Annotator "TA"]
[PlyCount "66"]
[EventDate "2022.04.30"]
[EventType "team-tourn"]
[EventCountry "FRA"]
[SourceTitle "playchess.com"]
[Source "ChessBase"]
[SourceQuality "1"]
[WhiteTeam "Germany"]
[BlackTeam "Hungary"]
[WhiteTeamCountry "GER"]
[BlackTeamCountry "HUN"]
[TimeControl "40/5400+30:1800+30"]

1. e4 e5 2. Nf3 Nc6 3. Bb5 a6 4. Ba4 Nf6 5. O-O Be7 6. d3 b5 7. Bb3 d6 8. a3 O-O 9. Nc3 Bb7 10. Bg5 h6 {[%emt 0:01:24] C84: Closed Ruy Lopez: Unusual White 6th moves.} 11. Bxf6 Bxf6 12. Nd5 g6 {[%emt 0:04:33] [#] The position is equal.} 13. g3 $146 ({Predecessor:} 13. Nxf6+ Qxf6 14. Bd5 Nd8 15. Bxb7 Nxb7 16. a4 Kg7 17. b4 Qe6 18. Qd2 Rfc8 19. d4 exd4 20. Qxd4+ {½-½ (48) Ni,S (2445)-Shen,Y (2454) China 2019}) 13... Bg7 14. h4 Ne7 15. Nxe7+ Qxe7 16. h5 {[%emt 0:00:09] aiming for hxg6.} gxh5 17. Nh4 Qg5 {[%emt 0:00:27] Against Ng6} 18. Kh2 Bc8 19. f3 (19. Rh1 $11) 19... Kh8 20. Qe2 c6 21. Rg1 f5 22. exf5 Bxf5 23. Nxf5 Rxf5 24. Be6 Rf6 25. Bh3 Raf8 26. Raf1 d5 27. b3 R6f7 28. c4 h4 ({Better is} 28... Qe7 $17 {Threatens to win with ...h4.} 29. f4 h4 30. gxh4 e4) 29. cxd5 cxd5 30. Be6 $1 Rc7 $36 {[%emt 0:03:55][%mdl 2048] Black is pushing.} 31. Bxd5 {[%emt 0:00:24] [#]} (31. f4 $1 $15 hxg3+ 32. Rxg3) 31... Rfc8 {[%emt 0:00:13] Black is more active.} (31... e4 $1 $17 32. Bxe4 hxg3+ 33. Kg2 Qf4) 32. f4 $2 (32. Qe4 $15) 32... exf4 $19 33. gxf4 Qxd5 {[%emt 0:00:12] Weighted Error Value: White=0.43/Black=0.17 (very precise)} 0-1

[Event "Mitropa Cup Women 2022"]
[Site "Corte"]
[Date "2022.05.04"]
[Round "5.2"]
[White "Medic, Mirjana"]
[Black "Brunello, Marina"]
[Result "0-1"]
[ECO "A46"]
[WhiteElo "2167"]
[BlackElo "2337"]
[Annotator "TA"]
[PlyCount "140"]
[EventDate "2022.04.30"]
[EventType "team-tourn"]
[EventCountry "FRA"]
[SourceTitle "playchess.com"]
[Source "ChessBase"]
[SourceQuality "1"]
[WhiteTeam "Croatia"]
[WhiteTeamCountry "CRO"]
[TimeControl "40/5400+30:1800+30"]

1. d4 Nf6 2. Nf3 e6 3. e3 b6 4. Bd3 Bb7 5. O-O c5 6. c4 d6 7. Nc3 Nbd7 8. Re1 {[%emt 0:07:12][%cal Od4d5] E14: Queen's Indian: Classical Variation (4 e3).} Be7 9. e4 cxd4 10. Nxd4 {[%emt 0:00:02] White has an edge.} O-O 11. Bf1 a6 12. b3 Rc8 13. Bb2 Qc7 14. Rc1 Qb8 15. Rc2 Rfe8 {[%emt 0:01:03] [#]} 16. Bc1 $146 ({Predecessor:} 16. Rd2 Bd8 17. Nc2 Bc7 18. g3 Ne5 19. Bg2 Rcd8 20. Ne3 Qa8 21. Qb1 h5 22. f4 {½-½ (59) Maisuradze,N (2271)-Leconte,M (2311) Nimes 2009}) 16... h6 17. f3 Bd8 18. Be3 Bc7 19. g3 Ne5 (19... b5 $5) 20. Bg2 (20. a3 $11) 20... Ng6 (20... b5 $1 $17 21. cxb5 Ba5) 21. Qd2 h5 (21... b5 $11) 22. Qf2 (22. Bf1 $1 $14 {stays ahead.}) 22... h4 $1 $17 23. Nde2 Ba8 (23... d5 $17 {White must now prevent ...dxe4.} 24. cxd5 (24. Bxb6 dxe4 25. Bxc7 Qxc7 $15) 24... exd5 25. exd5 (25. Bxb6 $2 dxe4 26. fxe4 Bxe4 $19) 25... Bxd5) 24. Rec1 $11 d5 25. cxd5 (25. exd5 {is interesting.} exd5 26. cxd5 Ne5 27. Rd2) 25... exd5 26. Nxd5 (26. Bh3 $11 dxe4 27. Nxe4 (27. Bxc8 exf3 28. Bf5 Ne5 $19) 27... Nxe4 28. fxe4 Bxe4 29. Rc4 (29. Bxc8 Bxc2 30. Bxa6 Be4 $15) 29... hxg3 30. hxg3) 26... Bxd5 $17 27. exd5 Ne5 $2 (27... hxg3 $17 28. hxg3 Nxd5) 28. Bf4 {[%emt 0:05:55] [#]} ({Not} 28. gxh4 $2 Nd3 29. d6 Bxd6 30. Rxc8 Bxh2+ 31. Kh1 Nxf2+ 32. Bxf2 Rxc8 $19) ({White should play} 28. Nf4 $14) 28... Nd3 $1 29. Rxc7 Rxc7 30. Bxc7 Qb7 31. Qxb6 Qxb6+ 32. Bxb6 Nxc1 33. Nxc1 Re1+ 34. Kf2 (34. Bf1 $11 Rxc1 35. d6) 34... Rxc1 {[%emt 0:00:06][%mdl 4096] Endgame KRN-KB} 35. d6 Rc2+ 36. Kg1 hxg3 37. hxg3 Rxa2 38. Bh3 Rd2 39. Bc7 {[%emt 0:05:21] [#]} Rd3 (39... Ne8 $1 $17 40. Bf1 Nxd6 41. Bxa6 Nf5) 40. b4 (40. Kf2 $11 {remains equal.}) 40... Rd4 ({Better is} 40... Ne8 $17 41. Bf1 Rd1) 41. Bf1 (41. Kf2 $15) 41... Rxb4 42. Bxa6 Rb2 43. Bc8 (43. g4 $142) 43... Rd2 44. Bb8 Ne8 45. d7 Nf6 46. Bf4 Rd5 47. Kg2 Nxd7 48. g4 Nc5 49. Bf5 g6 50. Bc2 Nd3 51. Bg3 Rd4 52. Kf1 Nc5 53. Ke2 {[%emt 0:00:00] Inhibits Rd2+.} Rc4 54. Kd2 Ne6 55. Bd3 Rb4 {[%emt 0:00:00] Hoping for ...Ng5.} 56. Be5 Ra4 57. Ke3 Nc5 58. Bb5 Ra3+ 59. Ke2 Ne6 {[%emt 0:00:00] Against Bd4. ...Ra5 is the strong threat.} 60. Bc4 Ng5 61. f4 Nh3 {[%emt 0:06:57] Strongly threatening ...Ra4.} 62. Bd3 $2 {[%emt 0:01:09] [#] This move loses the game for White.} (62. g5 $17) 62... Nf2 $1 $19 63. Kxf2 $2 (63. Bb1 Nxg4 64. Bd6 Re3+ 65. Kd2) (63. Bc2 Nxg4) 63... Rxd3 {[%emt 0:00:05] KR-KB. Black is clearly winning.} 64. Bc7 f6 65. Bb6 Rh3 66. Kg2 Rb3 67. Bd4 Kf7 68. Kf2 Ke6 69. Kg2 f5 70. gxf5+ Kxf5 {[%emt 0:00:04] Weighted Error Value: White=0.29 (precise) /Black=0.20 (precise)} (70... gxf5 $19 71. Kf2 Kd5) 0-1

[Event "Mitropa Cup Women 2022"]
[Site "Corte"]
[Date "2022.05.04"]
[Round "5.3"]
[White "Sedina, Elena"]
[Black "Berke, Ana"]
[Result "1-0"]
[ECO "B22"]
[WhiteElo "2258"]
[BlackElo "2142"]
[Annotator "TA"]
[PlyCount "128"]
[EventDate "2022.04.30"]
[EventType "team-tourn"]
[EventCountry "FRA"]
[SourceTitle "playchess.com"]
[Source "ChessBase"]
[SourceQuality "1"]
[TimeControl "40/5400+30:1800+30"]

1. e4 c5 2. c3 Nf6 3. e5 Nd5 4. Nf3 e6 5. Bc4 d6 6. d4 cxd4 7. cxd4 Be7 8. O-O {[%emt 0:02:22] B22: Sicilian: 2 c3.} O-O 9. Qe2 b6 10. Rd1 {[%emt 0:01:20] [#] The position is equal.} Qc7 $146 ({Predecessor:} 10... Bb7 11. Bxd5 exd5 12. Nc3 Na6 13. Nb5 dxe5 14. dxe5 Nc7 15. Nxc7 Qxc7 16. Nd4 Rfe8 {1-0 (39) Matlakov,M (2674)-Caruana,F (2781) Chess.com INT 2022}) 11. Bxd5 exd5 12. Nc3 Ba6 13. Qe1 Qb7 14. Bg5 {[%emt 0:27:17] White is more active.} (14. Bf4 $5 ) 14... Bxg5 15. Nxg5 {[%emt 0:00:02] aiming for e6.} h6 16. Nf3 {[%emt 0:05:27] Pair of Knights!} (16. Nh3 $5 ) 16... Nd7 (16... Re8 $11) 17. Qd2 ({But not} 17. exd6 $6 Qc6 $11) (17. Nh4 $1 $16 ) 17... Rad8 18. Qf4 dxe5 19. dxe5 Nc5 20. Nd4 Bd3 (20... Qd7 $14) 21. b4 (21. Qe3 $16) 21... Ne6 $11 22. Qg4 Nxd4 23. Qxd4 Bc4 24. Re1 Rfe8 25. f4 Qd7 26. Rad1 Qf5 {[%emt 0:00:49] Prevents Ne4.} 27. h3 h5 28. Kh1 Re6 29. Ne4 dxe4 $2 30. Qxd8+ $18 Kh7 31. Qd2 f6 32. exf6 Rxf6 33. Qe3 Bd3 34. Rc1 a5 35. bxa5 Qxa5 36. Qf2 Qf5 37. Re3 ({White should try} 37. Qh4 $16) 37... b5 $2 (37... g5 $1 $14) 38. Rg3 Bc4 39. Rd1 (39. Qa7 $6 Rf7 40. Qb6 Rf6 $16) (39. a4 $1 $18 {and White stays clearly on top.}) 39... Bd3 40. Rc1 (40. Qa7 $16 Rf7 41. Qb6) 40... Bc4 $1 41. a3 $2 ({Don't take} 41. Qa7 $6 Rf7 42. Qb6 Rf6 $16) (41. a4 $18) 41... g6 (41... Qxf4 42. Qxf4 Rxf4 43. Kh2 $16) ({Black should play} 41... g5 $1 $11) 42. Qd2 (42. a4 $142 {Threatens to win with axb5.} Qxf4 43. Qxf4 Rxf4 44. axb5 Bxb5 45. Rc5 Rf1+ 46. Kh2) 42... Rf7 (42... Qxf4 $142 43. Qxf4 Rxf4) 43. Rgc3 Kh6 44. Re1 Rf6 (44... Qxf4 $16 45. Qd4 Bd3) 45. Qd4 Bd3 {[%emt 0:00:00] [#]} 46. Qe5 $2 ({Don't do} 46. Rc8 $6 Qxf4 47. Rh8+ Kg5 48. Qd5+ Kh4 $16) (46. Rc6 $1 $18 Rf8 (46... Rf7 47. Rec1) 47. Qd6) 46... Qxf4 $14 47. Qxf4+ Rxf4 {[%emt 0:00:00][%mdl 4096] Endgame KRR-KRB} 48. Kg1 Rf6 49. Rec1 Kg5 50. Rc6 Rf7 (50... Rxc6 $2 51. Rxc6 Kf5 52. Kf2 $18) 51. Re6 Ra7 $2 (51... h4 $11) 52. Rc5+ $18 Kh6 53. Rcc6 (53. h4 $18) 53... Rg7 (53... Kg5 $16 {is a better defense.}) 54. Kf2 h4 $2 (54... Kh7 55. h4 Bc4) 55. Ke3 Kg5 56. Re5+ Kh6 57. Ree6 Kg5 $1 58. Rf6 Rg8 (58... Bc4 {was worth a try.} 59. Kxe4 Ba2) 59. Rf4 Kh5 60. Rf7 Kg5 61. Rf4 (61. Rb6 $142) 61... Kh5 62. Rc5+ (62. Rc7 $142 g5 63. Rf6) 62... g5 63. Rf6 {[%emt 0:00:03] And now Rc7 would win.} Rg7 {[%emt 0:00:27] Prevents Rc7.} (63... Rg6 $142 64. Rff5 Kh6) 64. Rcc6 g4 $2 {Weighted Error Value: White=0.55/Black=0.42} (64... Rh7 $18 65. Rb6 Rh8) 1-0

[Event "Mitropa Cup Women 2022"]
[Site "Corte"]
[Date "2022.05.04"]
[Round "5.3"]
[White "Mihok-Juhasz, Barbara"]
[Black "Bashylina, Luisa"]
[Result "1/2-1/2"]
[ECO "B51"]
[WhiteElo "2207"]
[BlackElo "2043"]
[Annotator "TA"]
[PlyCount "84"]
[EventDate "2022.04.30"]
[EventType "team-tourn"]
[EventCountry "FRA"]
[SourceTitle "playchess.com"]
[Source "ChessBase"]
[SourceQuality "1"]
[WhiteTeam "Hungary"]
[BlackTeam "Germany"]
[WhiteTeamCountry "HUN"]
[BlackTeamCountry "GER"]
[TimeControl "40/5400+30:1800+30"]

1. e4 c5 2. Nf3 d6 3. Bb5+ Nd7 4. a4 a6 5. Be2 Ngf6 6. Nc3 {[%emt 0:00:06] B51: Sicilian: Moscow Variation (3 Bb5+) without 3...Bd7.} b6 7. d4 cxd4 8. Qxd4 e5 9. Qe3 Be7 10. O-O O-O 11. Rd1 Bb7 12. Nd2 Rc8 13. Nc4 Qc7 {[%emt 0:04:17] [#]} 14. b4 $146 {[%emt 0:04:36] Against Nc5} ({Predecessor:} 14. b3 Nc5 15. Bf3 Ne6 16. Ba3 Nd4 17. Rxd4 exd4 18. Qxd4 Nd7 19. Nd5 Bxd5 20. Qxd5 {1-0 (50) Alsina Leal,D (2462)-Verstraeten,R (2365) El Prat de Llobregat 2019}) 14... Nxe4 15. Nxe4 $16 d5 16. Qh3 Nb8 (16... Rcd8 $142) 17. Qg3 (17. Ng5 $1 $16 Bxg5 18. Bxg5) 17... dxe4 (17... dxc4 $14 18. Bh6 g6 19. Bxf8 Rxf8) 18. Bh6 $1 $18 Bf6 19. Nd6 $40 {[%emt 0:09:30][%mdl 128] Hoping for Nf5. White attacks with force.} e3 20. Nxc8 (20. Bxe3 $6 Rcd8 21. Nxb7 Qxb7 $16) 20... exf2+ 21. Qxf2 Rxc8 (21... Bxc8 $16 {might work better.} 22. Be3 Nd7) 22. Be3 e4 23. Rab1 (23. Bxb6 $6 Qxc2 24. Bd4 Nd7 $18) 23... Nc6 (23... Nd7 {was necessary.} 24. Bg4 Rd8) 24. Bg4 Re8 25. Bxb6 Qe5 26. Be3 {[%emt 0:00:28] Inhibits Qg5.} Bg5 27. Bd7 Rf8 28. c4 Ne7 29. b5 h6 30. Bxg5 Qxg5 31. Rb3 {[%emt 0:00:46][%cal Bb1b3,Bb3e3,Be3g3][%mdl 32] Prevents e3.} e3 (31... Rd8 $142 32. Rg3 (32. Qb6 Rxd7 33. Rxd7 Qc1+ 34. Kf2 Qc2+ 35. Ke1 Qxb3 $16) 32... Qh5) 32. Rxe3 Rd8 33. Rg3 Qh5 34. Rd4 {[%emt 0:00:44] Strongly threatening Bg4.} Qe5 35. Qe3 Qf6 {[%emt 0:00:30] [#]} 36. Qf2 $2 (36. Rf4 $1 $18 Qd6 37. Bh3) 36... Nf5 $2 37. Bxf5 $2 Rxd4 $11 38. Bd3 {[%emt 0:00:30] Intending Qxf6 and mate.} Rf4 {[%emt 0:00:41] [#]} 39. Qe1 (39. Re3 $1 $14 g6 40. Qe1 (40. Re8+ Kh7 $11)) 39... Qd4+ 40. Kh1 Be4 41. Bf1 {[%emt 0:04:05] [#]} (41. Be2 $11) 41... h5 $2 (41... Qd2 $3 $19 42. Qa1 g5) 42. h3 Qe5 {[%emt 0:14:54] Black escapes into a draw.  Weighted Error Value: White=0.57/Black=0.40} 1/2-1/2

[Event "Mitropa Cup Women 2022"]
[Site "Corte"]
[Date "2022.05.04"]
[Round "5.4"]
[White "Radikovic, Anamarija"]
[Black "Gabbani, Sara"]
[Result "1-0"]
[ECO "B30"]
[WhiteElo "2133"]
[BlackElo "1831"]
[Annotator "TA"]
[PlyCount "61"]
[EventDate "2022.04.30"]
[EventType "team-tourn"]
[EventCountry "FRA"]
[SourceTitle "playchess.com"]
[Source "ChessBase"]
[SourceQuality "1"]
[TimeControl "40/5400+30:1800+30"]

1. e4 c5 2. Nf3 Nc6 3. Bb5 Nd4 4. Nxd4 cxd4 5. c3 Qb6 6. Bc4 {[%emt 0:05:51] B30: Sicilian: 2...Nc6 3 Bb5, lines without ...g6.} g6 (6... e6 $14) 7. cxd4 $16 ({But not} 7. Qf3 Nf6 $14) 7... Qxd4 8. d3 {[%emt 0:00:05] White is better.} Bg7 9. Nc3 {[%emt 0:01:42] [#]} e6 $146 {[%emt 0:11:23] [#]} (9... Qd6 $16) ({Predecessor:} 9... Nf6 10. Be3 Qd6 11. f4 Qb4 12. a3 Qxb2 13. Na4 Qxg2 14. Rg1 Qh3 15. Bf2 O-O 16. Rb1 d5 17. exd5 Ng4 18. Bc5 b6 19. Bxe7 Qe3+ {0-1 (19) Kovar,V (2312)-Liska,J (1865) Liberec 2013}) 10. Be3 (10. Nb5 $1 $18 {[%cal Rb5d4] and the rest is easy.} Qe5 11. Qf3) 10... Qd6 11. Nb5 {[%emt 0:05:27][%csl LRa7,LRd6] White is more active.} Qc6 (11... Qb4+ $2 12. Bd2 Qc5 13. Qb3 $18) (11... Qb8 $16) 12. Bf4 $18 e5 13. Rc1 Kf8 (13... exf4 {keeps fighting.} 14. Bxf7+ (14. Nc7+ Qxc7 15. Bxf7+ Kd8 $14) 14... Kxf7 15. Rxc6 dxc6) 14. Bd2 {[%emt 0:02:04] aiming for Bb4+.} Ne7 15. Bb4 Bh6 16. Rc2 {[%emt 0:00:54] Hoping for Qf3.} Qb6 (16... d5 $142) 17. Qf3 f6 18. Bd6 Bg7 19. Bc7 Qc5 20. Bd6 Qb6 21. Bxe5 {[%emt 0:00:27] Threatens to win with 0-0.} a6 {[%emt 0:04:55] [#]} 22. Bd4 $1 Qc6 23. Nc3 f5 24. Qe3 Qd6 25. Bc5 f4 26. Bxd6 Bxc3+ 27. bxc3 fxe3 28. fxe3 h5 29. O-O+ {[%emt 0:00:17] White mates.} Ke8 30. Rf7 Nc6 31. Rcf2 {[%emt 0:00:07] Weighted Error Value: White=0.74/Black=0.93} 1-0

[Event "Mitropa Cup Women 2022"]
[Site "Corte"]
[Date "2022.05.04"]
[Round "5.4"]
[White "Butenandt, Svenja"]
[Black "Karacsonyi, Kata"]
[Result "1/2-1/2"]
[ECO "E46"]
[WhiteElo "2097"]
[BlackElo "2058"]
[Annotator "TA"]
[PlyCount "69"]
[EventDate "2022.04.30"]
[EventType "team-tourn"]
[EventCountry "FRA"]
[SourceTitle "playchess.com"]
[Source "ChessBase"]
[SourceQuality "1"]
[WhiteTeam "Germany"]
[BlackTeam "Hungary"]
[WhiteTeamCountry "GER"]
[BlackTeamCountry "HUN"]
[TimeControl "40/5400+30:1800+30"]

1. d4 Nf6 2. c4 e6 3. Nc3 Bb4 4. e3 O-O 5. Nge2 c6 6. a3 {[%emt 0:12:33] E46: Nimzo-Indian: Rubinstein: 4 e3 0-0 5 Ne2 without early Bd3.} Ba5 7. c5 d6 8. cxd6 Qxd6 9. b4 Bc7 10. g3 a5 11. Rb1 axb4 12. axb4 e5 13. Bg2 {[%emt 0:01:28] [#]} Rd8 $146 ({Predecessor:} 13... Bf5 14. e4 Bg6 15. O-O Rd8 16. Be3 Ng4 17. Qb3 Nxe3 18. fxe3 Nd7 19. Rbd1 Nf6 {1-0 (49) Malek,D (2405)-Hiebert,K (2017) Berlin 2017}) 14. O-O Qe7 (14... Bf5 $5 15. e4 Bg4 $11) 15. Qc2 Nbd7 {[%emt 0:14:52] [#]} (15... Na6 $11) 16. Kh1 (16. b5 $1 $16) 16... Nb6 $36 {[%emt 0:05:27][%mdl 2048] Black is more active.} 17. dxe5 Qxe5 18. e4 (18. b5 $5 ) 18... Nc4 19. Na4 ({White should play} 19. b5 $11) 19... b5 $1 $15 20. Nc5 Qh5 ({Better is} 20... Bb6 $17 21. Nd3 Qe7) 21. Nf4 (21. Rb3 $15) 21... Bxf4 $17 22. Bxf4 (22. gxf4 $11 Bg4 23. f3) 22... Bh3 $2 ({Inferior is} 22... Ng4 23. h4 $17) (22... g5 $19 23. Bc1 Ng4) 23. Rbe1 $1 $15 Ra3 (23... Ng4 $15 24. f3 Bxg2+ 25. Qxg2 Nge5) 24. f3 $11 Rda8 {[%emt 0:02:10] Strongly threatening ...Ra2.} 25. Bxh3 {[%emt 0:01:36] [#]} (25. Qf2 $11) 25... Qxh3 ({Black should try} 25... Ra2 $1 $17 26. Qg2 Rxg2 27. Bxg2 g5) 26. Qg2 $15 Qxg2+ (26... Qc8 $5 ) 27. Kxg2 {[%emt 0:00:01] The position is equal.} Ra2+ 28. Rf2 Rxf2+ (28... h6 {keeps more tension.} 29. h4 Nh5 30. Be3 R8a3) 29. Kxf2 Ra2+ 30. Re2 Ra1 31. g4 h6 32. Re1 Ra2+ 33. Re2 Ra1 34. Re1 Ra2+ 35. Re2 {[%emt 0:00:38] Weighted Error Value: White=0.27 (precise) /Black=0.22 (precise)} 1/2-1/2